 Dungeon Crawl Stone Soup version 0.29-a0-495-g17b79114eb (webtiles) character file.

Game seed: 8445223881574953062

2 xian the Grasshopper (level 1, 0/19 HPs)
             Began as a Naga Warper on May 28, 2022.
             Slain by a kobold
             ... wielding a +3 dagger
              (3 damage)
             ... on level 1 of the Dungeon.
             The game lasted 00:00:33 (42 turns).

xian the Grasshopper (Naga Warper)                    Turns: 42, Time: 00:00:34

Health: 0/19       AC:  2    Str: 13    XL:     1   Next: 40%
Magic:  3/3        EV:  8    Int: 13    God:
Gold:   6          SH:  0    Dex: 10    Spells: 4/4 levels left

rFire   . . .      SeeInvis +   a - +0 falchion
rCold   . . .      Faith    .   (no shield)
rNeg    . . .      Spirit   .   e - +0 ring mail
rPois   +          Reflect  .   (no helmet)
rElec   .          Harm     .   (no cloak)
rCorr   .          Rampage  .   (no gloves)
Will    .....                   (no barding)
Stlth   ..........              (no amulet)
HPRegen 0.06/turn               (no ring)
MPRegen 0.08/turn               (no ring)

@: very slow
A: AC +0, large, see invisible, deformed body, poison resistance, slowness 2,
spit poison 1, naga tail 1
a: Spit Poison


You were on level 1 of the Dungeon.
You visited 1 branch of the dungeon, and saw 1 of its levels.

You collected 6 gold pieces.

Inventory:

Hand Weapons
 a - a +0 falchion (weapon)
Missiles
 d - 2 boomerangs of dispersal (quivered)
Armour
 b - a +0 leather armour
 e - a +0 ring mail (worn)
Scrolls
 c - a scroll of blinking


   Skills:
 + Level 2.0 Fighting
 + Level 2.0 Long Blades
 + Level 0.8 Throwing
 + Level 0.7 Armour
 + Level 1.5 Dodging
 + Level 2.0 Spellcasting
 + Level 3.1 Translocations


You had 4 spell levels left.
You didn't know any spells.
Your spell library contained the following spells:

 Spells                   Type           Power      Damage    Failure   Level
 Blink                    Tloc           18%        N/A       22%         2
 Gell's Gravitas          Tloc           9%         N/A       41%         3
 Lesser Beckoning         Tloc           9%         N/A       41%         3
 Teleport Other           Tloc           9%         N/A       41%         3
 Manifold Assault         Tloc           9%         N/A       99%         5


Dungeon Overview and Level Annotations

Branches:
Dungeon (1/15)

Altars:


Innate Abilities, Weirdness & Mutations

Your serpentine skin is tough. (AC +0)
You have supernaturally acute eyesight. (SInv)
Armour fits poorly on your strangely shaped body.
Your system is resistant to poisons. (rPois)
You cover ground very slowly.
You can spit poison.
You have a snake-like lower body.


Message History

A hobgoblin comes into view.
The hobgoblin shouts!
The dart slug bites you.
There is an open door here.
You hit the dart slug but do no damage.
The dart slug is almost dead.
The dart slug bites you.
You hit the dart slug but do no damage.
The dart slug is almost dead.
A kobold comes into view. It is wielding a +3 dagger.
A goblin comes into view. It is wielding a +0 dagger.
The kobold shouts!
The goblin shouts!
You hit the dart slug.
You kill the dart slug!
A kobold comes into view. It is wielding a +0 dagger.
The hobgoblin completely misses you.
The kobold moves out of view.
You hit the hobgoblin but do no damage. The hobgoblin barely misses you.
You hit the hobgoblin but do no damage. The kobold barely misses you.
The hobgoblin hits you.
You hit the hobgoblin.
The hobgoblin is severely wounded.
The kobold hits you with a +3 dagger. The hobgoblin hits you.
You hit the hobgoblin.
The hobgoblin is severely wounded.
The kobold barely misses you.
The hobgoblin hits you but does no damage.
The kobold hits you with a +3 dagger.
* * * LOW HITPOINT WARNING * * *
The hobgoblin barely misses you.
You are too injured to fight recklessly!
Throw: 3 boomerangs (disperse)
Press: ? - help, Q - select action, (/) - cycle Shift-Dir - straight line, f - hobgoblin
Aim: a hobgoblin (severely wounded, 56% to hit)
You throw a boomerang of dispersal. The kobold shouts!
The boomerang of dispersal hits the hobgoblin.
The hobgoblin blinks!
You kill the hobgoblin!
The kobold hits you with a +3 dagger.
You die...

#PP...#.#≈≈≈≈P#
#PP...#.#≈≈≈≈P#
#######$#######
K......<......+
#######.#######
#P≈≈≈≈#.#....P#
#P≈≈≈≈#g#....P#
##P≈≈≈#§#PPPP##
##P≈≈#@#..P##
##PP#K#PP##
####'####..#
#.......#
#.##.#### #. .#
.. .. .#. ##.
#.#. #.


You could see a goblin and 2 kobolds.

Vanquished Creatures
  A dart slug (D:1)
  A hobgoblin (D:1)
2 creatures vanquished.

Notes
Turn   | Place    | Note
-------+----------+-------------------------------------------
     0 | D:1      | xian the Naga Warper began the quest for the Orb.
     0 | D:1      | Reached XP level 1. HP: 19/19 MP: 3/3
    42 | D:1      | Slain by a kobold

Illustrated notes

Levels and vault maps discovered:
D:1:      psy_arrival_terrarium, layout_basic,
          shapermc_ecumenical_altar_hornbeckon, serial_shops, shop

Action                   || total
-------------------------++-------
Melee: Falchion          ||     7
Throw: Boomerang         ||     5
Armor: Ring mail         ||     1
Dodge: Dodged            ||     5

Table legend: (Time is in decaauts)
 A = Elapsed time spent in this place.
 B = Non-inter-level travel time spent in this place.
 C = Inter-level travel time spent in this place.
 D = Time resting spent in this place.
 E = Time spent auto-exploring this place.
 F = Levels seen in this place.
 G = Mean time per level.
                   A        B        C        D        E       F      G
               +--------+--------+--------+--------+--------+-----+--------+
         Total |     51 |     51 |      0 |      0 |     15 |   1 |   51.0 |
       Dungeon |     51 |     51 |      0 |      0 |     15 |   1 |   51.0 |
               +--------+--------+--------+--------+--------+-----+--------+

Top non-repeatable levels by time:
     D:1: 51 daAuts
